 Dungeon Crawl Stone Soup version 0.31-a0-200-gbc41564c69 (webtiles) character file.

Game seed: 580599121904782394

28 qw the Shooter (level 3, -1/20 HPs)
             Began as a Deep Elf Hunter on June 25, 2023.
             Slain by a hobgoblin (3 damage)
             ... led by Robin
             ... on level 1 of the Dungeon.
             The game lasted 00:00:15 (1036 turns).

qw the Shooter (Deep Elf Hunter)                    Turns: 1036, Time: 00:00:15

Health: -1/20      AC:  5    Str: 10    XL:     3   Next: 0%
Magic:  5/5        EV: 12    Int: 13    God:
Gold:   51         SH:  0    Dex: 18    Spells: 2/2 levels left

rFire   . . .        Y - +0 shortbow
rCold   . . .        (shield currently unavailable)
rNeg    . . .        c - +0 leather armour
rPois   .            d - +0 helmet
rElec   .            e - +0 cloak
rCorr   .            (no gloves)
SInv    .            (no boots)
Will    .....        (no amulet)
Stlth   ++           (no ring)
HPRegen 0.23/turn    (no ring)
MPRegen 0.09/turn

%: no passive effects
@: no status effects
A: no striking features
a: no special abilities


You were on level 1 of the Dungeon.
You visited 1 branch of the dungeon, and saw 2 of its levels.

You collected 51 gold pieces.


   Skills:
 - Level 1.5 Fighting
 + Level 6.6 Ranged Weapons
 - Level 2.4 Dodging
 - Level 1.2 Stealth


You had 2 spell levels left.
You didn't know any spells.
Your spell library was empty.

Inventory:

Hand Weapons
 Y - a +0 shortbow (weapon)
Armour
 c - a +0 leather armour (worn)
 d - a +0 helmet (worn)
 e - a +0 cloak (worn)
Potions
 f - a potion of berserk rage {unknown}
 h - a potion of degeneration {unknown}
 i - a potion of curing {unknown}
 m - a potion of enlightenment {unknown}

Dungeon Overview and Level Annotations

Branches:
Dungeon (2/15)

Altars:

Annotations:
D:2 Robin


Message History

There is a stone staircase leading up here.
You shoot an arrow. The arrow barely misses the jackal.
The goblin shouts!
The goblin hits you but does no damage.
Robin says, "Feeling lonely?"
The goblin hits you but does no damage. The hobgoblin misses you.
The goblin hits you with a +0 dagger. The jackal misses you.
The jackal closely misses you.
1031 ||| STAIRDANCE The jackal bites you.
The goblin hits you but does no damage.
The jackal bites you but does no damage.
The goblin barely misses you. The hobgoblin barely misses you.
The goblin hits you with a +0 club.
The goblin hits you but does no damage. x2
You climb upwards.
There is a stone staircase leading down here.
You shoot an arrow. The arrow hits the goblin!
You kill the goblin!
The jackal barely misses you.
The hobgoblin hits you but does no damage.
The goblin hits you but does no damage.
The jackal bites you but does no damage.
You shoot an arrow. The arrow hits the goblin!
You kill the goblin!
The jackal bites you. The hobgoblin closely misses you.
The goblin hits you with a +0 club.
The jackal bites you but does no damage.
You have reached level 3!
Your experience leads to an increase in your attributes!
Increase (S)trength, (I)ntelligence, or (D)exterity?
You feel stronger. x2
You shoot an arrow. The arrow hits the goblin.
The goblin is severely wounded.
The hobgoblin hits you but does no damage.
The goblin barely misses you. The goblin hits you but does no damage.
The jackal bites you.
You shoot an arrow. The arrow hits the goblin!
You kill the goblin!
The jackal bites you but does no damage.
The hobgoblin hits you.
You die...

#.#######...'........
#.........###........
##.#.##.#.# ##.......
#.#.####.# ##.....#
#........# ##...##
###.###### ##'##
#####.### ########.###
#..hgh).###...........
#.###@g........##..###
#.# ###.###.##.##...##
#.# #.# #.##........
#.#####.# #.#####...#.
#.......# #.#####..##.
######### #.......###.
#######[.... ######


You could see 2 jackals, a hobgoblin (strong) and a goblin (strong).

Vanquished Creatures
  3 dart slugs (D:1)
  A ball python (D:1)
  A bat (D:1)
  4 endoplasms (D:1)
  4 goblins (D:1)
  A hobgoblin (D:1)
  2 kobolds (D:1)
  4 frilled lizards (D:1)
  A rat (D:1)
21 creatures vanquished.

Notes
Turn   | Place    | Note
-------+----------+-------------------------------------------
     0 | D:1      | qw the Deep Elf Hunter began the quest for the Orb.
     0 | D:1      | Reached XP level 1. HP: 12/12 MP: 3/3
     0 | D:1      | 0 ||| qw: Version: 0.3-a-22-g0ed2b0b
     0 | D:1      | 0 ||| qw: Game counter: 5512
     0 | D:1      | 0 ||| qw: Melee chars always use a shield: true
     0 | D:1      | 0 ||| qw: God list: Okawaru
     0 | D:1      | 0 ||| qw: Allow faded altars: false
     0 | D:1      | 0 ||| qw: Do Orc after clearing Dungeon:15 true
     0 | D:1      | 0 ||| qw: Do second Lair branch before Depths: true
     0 | D:1      | 0 ||| qw: Lair rune preference: random
     0 | D:1      | 0 ||| qw: Goals: Normal
     0 | D:1      | 0 ||| PLANNING D:1-11
    89 | D:1      | Reached skill level 6 in Ranged Weapons
    89 | D:1      | Reached XP level 2. HP: 16/16 MP: 4/4
   873 | D:1      | 873 ||| UPGRADING to +0 helmet.
   878 | D:1      | 878 ||| UPGRADING to +0 cloak.
   883 | D:1      | 883 ||| READING scroll labelled CIH HANWUU.
   884 | D:1      | 884 ||| READING scroll labelled JIQOTW DIROI.
   885 | D:1      | 885 ||| READING scroll labelled SYWEN SAFEXOCIG.
   916 | D:1      | 916 ||| READING scroll labelled OLETSE UTECICS.
   917 | D:1      | 917 ||| DROPPING scroll of butterflies.
   972 | D:2      | Noticed Robin
   974 | D:2      | 974 ||| STAIRDANCE
  1031 | D:2      | 1031 ||| STAIRDANCE
  1034 | D:1      | HP: 2/16 [goblin/+0 club[Robin] (5)]
  1035 | D:1      | Reached XP level 3. HP: 3/20 MP: 5/5
  1036 | D:1      | Slain by a hobgoblin

Levels and vault maps discovered:
D:1:      sevenhm_arrival_forest_fort_small_5, layout_loops_corners,
          st_stairs_4, minmay_pentomino_p2
D:2:      layout_basic, uniq_robin, uniq_jessica

Skill      XL: |  1 |
---------------+----+-----
Ranged Weapons | 6 |  6.6
Fighting       | |  1.5
Dodging        | |  2.4
Stealth        | |  1.2

Action                     || total
---------------------------++-------
   Fire: Shortbow          ||    49
    Use: Scroll            ||     4
 Armour: Leather armour    ||    16
  Dodge: Dodged            ||    22

Table legend:
 A = Non-vault XP
 B = Vault XP
 C = Vault XP percentage of total XP
 D = Non-vault monster count
 E = Vault monster count
 F = Vault count percentage of total count
                 A         B        C        D         E       F
            +---------+---------+-------+---------+---------+-------
      Total |      32 |      11 |  25.6 |      15 |       6 |  28.6
            +---------+---------+-------+---------+---------+-------
        D:1 |      32 |      11 |  25.6 |      15 |       6 |  28.6
            +---------+---------+-------+---------+---------+-------
